| TOP OF THE 1ST |
|---|
| Stanford Cardinals batting - Pitching for Oklahoma State Cowboys : LHP Justin Chinitz | | Pitching: LHP Justin Chinitz | | | Batting: RHB Tony Fimbres | 0-0: Ground out 6-3 (Groundball, 6) | | Batting: RHB David Locke | 0-0: Ball 1-0: Ball 2-0: Ball 3-0: Base on Balls | | Batting: SHB Dave Abell | 0-0: Ball 1-0: Foul Ball, location: 2F 1-1: Ball 2-1: Swinging Strike 2-2: Strikes out swinging | | Batting: RHB Justin Cartwright | 0-0: Ball 1-0: Ball 2-0: Foul Ball, location: 2F 2-1: Swinging Strike 2-2: SINGLE (Groundball, 56D) David Locke to second | | Batting: SHB Alex Ledesma | 0-0: Foul Ball, location: 2F 0-1: Ball 1-1: Ball 2-1: Fly out, F8 (Flyball, 8RD) | | Top of the 1st over - 0 run(s), 1 hit(s), 0 error(s), 2 left on base; Stanford 0 - Oklahoma State 0 | | BOTTOM OF THE 1ST |
|---|
| Oklahoma State Cowboys batting - Pitching for Stanford Cardinals : LHP Marquis Thomas | | Pitching: LHP Marquis Thomas | | | Batting: RHB Adrian Bobola | 0-0: Fly out, F4 (Popup, 4MD) | | Batting: RHB Zach Kelly | 0-0: Foul Ball, location: 2F 0-1: Ground out 4-3 (Groundball, 4S) | | Batting: RHB Travis Ware | 0-0: Ball 1-0: Called Strike 1-1: Ball 2-1: SINGLE (Groundball, 34S) (infield hit) | | Batting: RHB Scott King | 0-0: Ball 1-0: Called Strike Travis Ware is caught stealing 2nd base | | Bottom of the 1st over - 0 run(s), 1 hit(s), 0 error(s), 0 left on base; Stanford 0 - Oklahoma State 0 | | TOP OF THE 2ND |
|---|
| Stanford Cardinals batting - Pitching for Oklahoma State Cowboys : LHP Justin Chinitz | | Batting: RHB Eric Bruce | 0-0: Ball 1-0: Ball 2-0: Called Strike 2-1: Foul Ball, location: 2F 2-2: SINGLE (Flyball, 7LM) | | Batting: SHB Andy Kelly | 0-0: Ball 1-0: Ball Eric Bruce is caught stealing 2nd base 2-0: Called Strike 2-1: Ground out 1-3 (Groundball, 15S) | | Batting: LHB Kyle Russom | 0-0: Foul Ball, location: 2F 0-1: Ball 1-1: Ball 2-1: Called Strike 2-2: Foul Ball, location: 2F 2-2: Ball 3-2: Foul Ball, location: 2F 3-2: Base on Balls | | Batting: RHB Jason Ellis | 0-0: Ball 1-0: Ball 2-0: Ball 3-0: Base on Balls Kyle Russom to second | | Batting: RHB Tony Fimbres | 0-0: Ground out 5-3 (Groundball, 56S) | | Top of the 2nd over - 0 run(s), 1 hit(s), 0 error(s), 2 left on base; Stanford 0 - Oklahoma State 0 | | BOTTOM OF THE 2ND |
|---|
| Oklahoma State Cowboys batting - Pitching for Stanford Cardinals : LHP Marquis Thomas | | Batting: RHB Scott King | 0-0: Ball 1-0: Foul Ball, location: 2F 1-1: Swinging Strike 1-2: Strikes out swinging | | Batting: LHB Zac Johle | 0-0: Called Strike 0-1: Ball 1-1: Foul Ball, location: 2F 1-2: Strikes out swinging | | Batting: RHB Josh Flanders | 0-0: Swinging Strike 0-1: Fly out, F9 (Flyball, 89D) | | Bottom of the 2nd over - 0 run(s), 0 hit(s), 0 error(s), 0 left on base; Stanford 0 - Oklahoma State 0 | | TOP OF THE 3RD |
|---|
| Stanford Cardinals batting - Pitching for Oklahoma State Cowboys : LHP Justin Chinitz | | Batting: RHB David Locke | 0-0: Foul Ball, location: 2F 0-1: Ball 1-1: Ball 2-1: Ball 3-1: Base on Balls | | Batting: SHB Dave Abell | 0-0: Ball 1-0: Called Strike 1-1: Swinging Strike 1-2: Strikes out swinging | | Batting: RHB Justin Cartwright | 0-0: Called Strike 0-1: Swinging Strike 0-2: Ball 1-2: Ball 2-2: Fly out, F8 (Flyball, 8RD) | | Batting: SHB Alex Ledesma | 0-0: SINGLE (Groundball, 3D) David Locke to second Throwing error, E9 David Locke scores Alex Ledesma to second | | Batting: RHB Eric Bruce | 0-0: Ball 1-0: Fly out, F2 (Popup, 2RF) | | Top of the 3rd over - 1 run(s), 1 hit(s), 1 error(s), 1 left on base; Stanford 1 - Oklahoma State 0 | | BOTTOM OF THE 3RD |
|---|
| Oklahoma State Cowboys batting - Pitching for Stanford Cardinals : LHP Marquis Thomas | | Batting: RHB Jonathan Leighton | 0-0: Ground out 5-3 (Groundball, 56S) | | Batting: SHB John Koon | 0-0: Swinging Strike 0-1: Ball 1-1: Foul Ball, location: 2F 1-2: Hit by Pitch | | Batting: RHB Brian Williams | 0-0: Ball 1-0: Ball 2-0: Ball 3-0: Base on Balls John Koon to second | | Batting: RHB Adrian Bobola | 0-0: Ball 1-0: Ball 2-0: Foul Ball, location: 2F 2-1: Called Strike 2-2: Ball 3-2: SINGLE (Groundball, 56D) John Koon to third Brian Williams to second Runner from 3rd tries for Home, SAFE, no throw | | Batting: RHB Zach Kelly | 0-0: Called Strike 0-1: Ball 1-1: Called Strike 1-2: Ball 2-2: SINGLE (Groundball, 56D) Brian Williams to third Adrian Bobola to second | | Batting: RHB Travis Ware | 0-0: Ball 1-0: Foul Ball, location: 2F 1-1: Fly out, F3 (Line Drive, 34S) | | Batting: RHB Scott King | 0-0: Called Strike 0-1: Swinging Strike 0-2: Foul Ball, location: 2F 0-2: Fielders Choice at 2nd, 6-4 (Groundball, 6) | | Bottom of the 3rd over - 1 run(s), 2 hit(s), 0 error(s), 2 left on base; Stanford 1 - Oklahoma State 1 | | TOP OF THE 4TH |
|---|
| Stanford Cardinals batting - Pitching for Oklahoma State Cowboys : LHP Justin Chinitz | | Batting: SHB Andy Kelly | 0-0: Ball 1-0: Foul Ball, location: 2F 1-1: Fly out, F9 (Flyball, 9S) | | Batting: LHB Kyle Russom | 0-0: Foul Ball, location: 2F 0-1: Called Strike 0-2: Strikes out swinging | | Batting: RHB Jason Ellis | 0-0: Ball 1-0: Ball 2-0: Ball 3-0: Base on Balls | | Batting: RHB Tony Fimbres | 0-0: Foul Ball, location: 2F 0-1: SINGLE (Line Drive, 89M) Jason Ellis to second | | Batting: RHB David Locke | 0-0: Ball 1-0: Ball 2-0: SINGLE (Groundball, 6MD) Jason Ellis to third Tony Fimbres to second Runner from 3rd tries for Home, SAFE, no throw | | Batting: SHB Dave Abell | 0-0: Called Strike 0-1: Swinging Strike 0-2: Ball 1-2: 3-RUN HOME RUN (Line Drive, 7LD), Distance : 352 ft | | Batting: RHB Justin Cartwright | 0-0: Ball 1-0: Foul Ball, location: 2F 1-1: Ball 2-1: Foul Ball, location: 2F 2-2: Ball 3-2: SINGLE (Groundball, 6D) | | Pitching: RHP Joe Bentley | | | Batting: SHB Alex Ledesma | 0-0: Ball 1-0: Ball 2-0: Ball 3-0: Base on Balls Justin Cartwright to second | | Batting: RHB Eric Bruce | 0-0: Ball 1-0: Called Strike 1-1: Foul Ball, location: 2F 1-2: Strikes out looking | | Top of the 4th over - 4 run(s), 4 hit(s), 0 error(s), 2 left on base; Stanford 5 - Oklahoma State 1 | | BOTTOM OF THE 4TH |
|---|
| Oklahoma State Cowboys batting - Pitching for Stanford Cardinals : LHP Marquis Thomas | | Batting: LHB Zac Johle | 0-0: Ball 1-0: Foul Ball, location: 2F 1-1: Fly out, F9 (Flyball, 9) | | Batting: RHB Josh Flanders | 0-0: Ball 1-0: Called Strike 1-1: Foul Ball, location: 2F 1-2: Ball 2-2: Foul Ball, location: 2F 2-2: Ball 3-2: Foul Ball, location: 2F 3-2: Base on Balls | | Batting: RHB Jonathan Leighton | 0-0: Foul Ball, location: 2F 0-1: Swinging Strike 0-2: Ball 1-2: Ball 2-2: Ball 3-2: SINGLE (Line Drive, 4M) Josh Flanders to second | | Batting: SHB John Koon | 0-0: Called Strike 0-1: Ball 1-1: Foul Ball, location: 2F 1-2: Foul Ball, location: 2F 1-2: Ball 2-2: Ball 3-2: Grounds into double play, 6-4-3 (Groundball, 6) | | Bottom of the 4th over - 0 run(s), 1 hit(s), 0 error(s), 1 left on base; Stanford 5 - Oklahoma State 1 | | TOP OF THE 5TH |
|---|
| Stanford Cardinals batting - Pitching for Oklahoma State Cowboys : RHP Joe Bentley | | Batting: SHB Andy Kelly | 0-0: Ground out 6-3 (Groundball, 6) | | Batting: LHB Kyle Russom | 0-0: Ground out 1-3 (Groundball, 13) | | Batting: RHB Jason Ellis | 0-0: Ground out 5-3 (Groundball, 5L) | | Top of the 5th over - 0 run(s), 0 hit(s), 0 error(s), 0 left on base; Stanford 5 - Oklahoma State 1 | | BOTTOM OF THE 5TH |
|---|
| Oklahoma State Cowboys batting - Pitching for Stanford Cardinals : LHP Marquis Thomas | | Batting: RHB Brian Williams | 0-0: Ball 1-0: Called Strike 1-1: Foul Ball, location: 2F 1-2: Ground out 5-3 (Groundball, 5) | | Batting: RHB Adrian Bobola | 0-0: Called Strike 0-1: Ball 1-1: Ground out 6-3 (Groundball, 6) | | Batting: RHB Zach Kelly | 0-0: Foul Ball, location: 2F 0-1: Foul Ball, location: 2F 0-2: Ball 1-2: Ball 2-2: Strikes out swinging, 2-3 out at first. | | Bottom of the 5th over - 0 run(s), 0 hit(s), 0 error(s), 0 left on base; Stanford 5 - Oklahoma State 1 | | TOP OF THE 6TH |
|---|
| Stanford Cardinals batting - Pitching for Oklahoma State Cowboys : RHP Joe Bentley | | Batting: RHB Tony Fimbres | 0-0: Called Strike 0-1: Ball 1-1: Foul Ball, location: 2F 1-2: Fly out, F7 (Flyball, 78S) | | Batting: RHB David Locke | 0-0: Ball 1-0: Ball 2-0: Foul Ball, location: 2F 2-1: Ball 3-1: Called Strike 3-2: Base on Balls | | Batting: SHB Dave Abell | 0-0: Foul Ball, location: 2F 0-1: SINGLE (Flyball, 9S) David Locke to second | | Batting: RHB Justin Cartwright | 0-0: Fly out, F9 (Flyball, 89M) | | Batting: SHB Alex Ledesma | 0-0: Ball 1-0: Ball 2-0: Ball 3-0: Base on Balls David Locke to third Dave Abell to second | | Batting: RHB Eric Bruce | 0-0: Called Strike 0-1: Foul Ball, location: 2F 0-2: Foul Ball, location: 2F 0-2: Ball 1-2: GRAND SLAM HOME RUN (Flyball, 7LD), Distance : 363 ft | | Batting: SHB Andy Kelly | 0-0: Foul Ball, location: 2F 0-1: Foul Ball, location: 2F 0-2: Foul Ball, location: 2F 0-2: Foul Ball, location: 2F 0-2: Ball 1-2: Ball 2-2: Fly out, F8 (Flyball, 8LD) | | Top of the 6th over - 4 run(s), 2 hit(s), 0 error(s), 0 left on base; Stanford 9 - Oklahoma State 1 | | BOTTOM OF THE 6TH |
|---|
| Oklahoma State Cowboys batting - Pitching for Stanford Cardinals : LHP Marquis Thomas | | Pitching: LHP Dave Gilmore | | | Batting: RHB Travis Ware | 0-0: Foul Ball, location: 2F 0-1: Foul Ball, location: 2F 0-2: Ball 1-2: Ball 2-2: Fly out, F9 (Flyball, 9LS) | | Batting: RHB Scott King | 0-0: Called Strike 0-1: Called Strike 0-2: Ball 1-2: Strikes out swinging | | Batting: LHB Zac Johle | 0-0: Swinging Strike 0-1: Ground out 1-3 (Groundball, 13S) | | Bottom of the 6th over - 0 run(s), 0 hit(s), 0 error(s), 0 left on base; Stanford 9 - Oklahoma State 1 | | TOP OF THE 7TH |
|---|
| Stanford Cardinals batting - Pitching for Oklahoma State Cowboys : RHP Joe Bentley | | Batting: LHB Kyle Russom | 0-0: Called Strike 0-1: Called Strike 0-2: Ball 1-2: Foul Ball, location: 2F 1-2: Foul Ball, location: 2F 1-2: Foul Ball, location: 2F 1-2: Ball 2-2: Foul Ball, location: 2F 2-2: Ball 3-2: DOUBLE (Line Drive, 78XD) | | Batting: RHB Jason Ellis | 0-0: Foul Ball, location: 2F 0-1: Foul Ball, location: 2F 0-2: Fly out, F5 (Line Drive, 5S) | | Batting: RHB Tony Fimbres | 0-0: Foul Ball, location: 2F 0-1: SINGLE (Line Drive, 89S) Kyle Russom to third | | Batting: RHB David Locke | 0-0: Ball 1-0: Ball 2-0: Fly out, F8 (Flyball, 8RM) Runner from 3rd tags up, SCORES, throw made | | Batting: SHB Dave Abell | 0-0: Called Strike 0-1: Ball 1-1: Ball 2-1: Ball 3-1: Base on Balls Tony Fimbres to second | | Batting: RHB Justin Cartwright | 0-0: Ball 1-0: 3-RUN HOME RUN (Flyball, 7LD), Distance : 360 ft | | Batting: SHB Alex Ledesma | 0-0: Ball 1-0: Called Strike 1-1: Ball 2-1: Called Strike 2-2: Strikes out swinging | | Top of the 7th over - 4 run(s), 3 hit(s), 0 error(s), 0 left on base; Stanford 13 - Oklahoma State 1 | | BOTTOM OF THE 7TH |
|---|
| Oklahoma State Cowboys batting - Pitching for Stanford Cardinals : LHP Dave Gilmore | | Batting: RHB Josh Flanders | 0-0: Called Strike 0-1: Ground out 1-3 (Groundball, 13) | | Batting: RHB Jonathan Leighton | 0-0: Ball 1-0: Called Strike 1-1: Swinging Strike 1-2: Ball 2-2: SINGLE (Groundball, 34D) | | Batting: SHB John Koon | 0-0: Called Strike 0-1: Ball 1-1: SINGLE (Groundball, 56D) Jonathan Leighton to second | | Batting: RHB Brian Williams | 0-0: SINGLE (Line Drive, 7LS) Jonathan Leighton to third John Koon to second | | Batting: RHB Adrian Bobola | 0-0: Ball 1-0: Foul Ball, location: 2F 1-1: Ball 2-1: SINGLE (Line Drive, 89S) Jonathan Leighton scores John Koon to third Brian Williams to second | | Batting: RHB Zach Kelly | 0-0: GRAND SLAM HOME RUN (Flyball, 78XD), Distance : 424 ft | | Batting: RHB Travis Ware | 0-0: Ball 1-0: Ball 2-0: Ball 3-0: Base on Balls | | Batting: RHB Scott King | 0-0: Ball 1-0: Ball 2-0: Called Strike 2-1: SINGLE (Groundball, 4MD) Travis Ware to second | | Batting: LHB Zac Johle | 0-0: Ball 1-0: Ball Wild Pitch! Travis Ware to third Scott King to second 2-0: Foul Ball, location: 2F 2-1: Foul Ball, location: 2F 2-2: SINGLE (Line Drive, 8RS) Travis Ware scores Scott King to third Runner from 3rd tries for Home, SAFE, no throw | | Pitching: RHP Ken Cohen | | | Batting: RHB Josh Flanders | 0-0: Foul Ball, location: 2F 0-1: SINGLE (Line Drive, 89S) Zac Johle to second | | Batting: RHB Jonathan Leighton | 0-0: Ball 1-0: Ball 2-0: Swinging Strike 2-1: Ball 3-1: Swinging Strike 3-2: Strikes out swinging | | Batting: SHB John Koon | 0-0: Fielders Choice at 2nd, U6 (Groundball, 6M) | | Bottom of the 7th over - 7 run(s), 8 hit(s), 0 error(s), 2 left on base; Stanford 13 - Oklahoma State 8 | | TOP OF THE 8TH |
|---|
| Stanford Cardinals batting - Pitching for Oklahoma State Cowboys : RHP Joe Bentley | | Pitching: LHP Bobby Krupczak | | | Batting: RHB Eric Bruce | 0-0: Ball 1-0: Swinging Strike 1-1: Called Strike 1-2: Ball 2-2: Ball 3-2: Base on Balls | | Batting: SHB Andy Kelly | 0-0: Ball 1-0: Ball 2-0: Ball 3-0: Called Strike 3-1: Base on Balls Eric Bruce to second | | Batting: LHB Kyle Russom | 0-0: Ball 1-0: Ball 2-0: Foul Ball, location: 2F 2-1: Fly out, F7 (Flyball, 7S) | | Batting: RHB Jason Ellis | 0-0: Ball 1-0: Swinging Strike 1-1: Foul Ball, location: 2F 1-2: Foul Ball, location: 2F 1-2: Strikes out swinging | | Batting: RHB Tony Fimbres | 0-0: Called Strike 0-1: Swinging Strike 0-2: Strikes out swinging | | Top of the 8th over - 0 run(s), 0 hit(s), 0 error(s), 2 left on base; Stanford 13 - Oklahoma State 8 | | BOTTOM OF THE 8TH |
|---|
| Oklahoma State Cowboys batting - Pitching for Stanford Cardinals : RHP Ken Cohen | | Batting: RHB Brian Williams | 0-0: Called Strike 0-1: Ball 1-1: Swinging Strike 1-2: Strikes out swinging | | Batting: RHB Adrian Bobola | 0-0: Ball 1-0: Called Strike 1-1: Ball 2-1: Foul Ball, location: 2F 2-2: DOUBLE (Groundball, 5L) | | Batting: RHB Zach Kelly | 0-0: Ball 1-0: Ball 2-0: SINGLE (Flyball, 8RS) Adrian Bobola to third Runner from 3rd tries for Home, SAFE, no throw | | Batting: RHB Travis Ware | 0-0: SINGLE (Line Drive, 8RM) Zach Kelly to second | | Batting: RHB Scott King | 0-0: Fly out, F5 (Popup, 5SF) | | Batting: LHB Zac Johle | 0-0: Called Strike 0-1: Swinging Strike 0-2: Strikes out swinging | | Bottom of the 8th over - 1 run(s), 3 hit(s), 0 error(s), 2 left on base; Stanford 13 - Oklahoma State 9 | | TOP OF THE 9TH |
|---|
| Stanford Cardinals batting - Pitching for Oklahoma State Cowboys : LHP Bobby Krupczak | | Pitching: LHP Pat Young | | | Batting: RHB David Locke | 0-0: Called Strike 0-1: Ball 1-1: Ball 2-1: Ball 3-1: Foul Ball, location: 2F 3-2: Base on Balls | | Batting: SHB Dave Abell | 0-0: Ball 1-0: Called Strike 1-1: Ball 2-1: 2-RUN HOME RUN (Flyball, 7LD), Distance : 363 ft | | Batting: RHB Justin Cartwright | 0-0: Foul Ball, location: 2F 0-1: Ball 1-1: Foul Ball, location: 2F 1-2: Strikes out swinging | | Batting: SHB Alex Ledesma | 0-0: Ball 1-0: Ball 2-0: Called Strike 2-1: Ball 3-1: Base on Balls | | Batting: RHB Eric Bruce | 0-0: Called Strike 0-1: Ball 1-1: Ball Alex Ledesma steals 2nd base 2-1: Foul Ball, location: 2F 2-2: Foul Ball, location: 2F 2-2: SINGLE (Line Drive, 8LS) Alex Ledesma to third Runner from 3rd tries for Home, SAFE, no throw | | Batting: SHB Andy Kelly | 0-0: Ball 1-0: Called Strike 1-1: Foul Ball, location: 2F 1-2: Ball 2-2: Foul Ball, location: 2F 2-2: Strikes out swinging | | Batting: LHB Kyle Russom | 0-0: Foul Ball, location: 2F 0-1: Ball 1-1: Called Strike 1-2: Foul Ball, location: 2F 1-2: DOUBLE (Groundball, 3L) Eric Bruce to third Eric Bruce scores | | Pitching: LHP Ben Rodda | | | Batting: RHB Jason Ellis | 0-0: Swinging Strike 0-1: Ball 1-1: Ball 2-1: Ball 3-1: Base on Balls | | Batting: RHB Tony Fimbres | 0-0: Swinging Strike 0-1: Foul Ball, location: 2F 0-2: Ball 1-2: SINGLE (Line Drive, 8LS) Kyle Russom to third Jason Ellis to second Runner from 3rd tries for Home, SAFE, throw made home | | Batting: RHB David Locke | 0-0: Ball Wild Pitch! Jason Ellis to third Tony Fimbres to second 1-0: Ball 2-0: Ball 3-0: Called Strike 3-1: Base on Balls | | Batting: SHB Dave Abell | 0-0: Ball 1-0: Ball 2-0: Ball 3-0: Base on Balls Jason Ellis scores Tony Fimbres to third David Locke to second | | Batting: RHB Justin Cartwright | 0-0: Ball 1-0: Ball 2-0: Ball 3-0: Called Strike 3-1: Base on Balls Tony Fimbres scores David Locke to third Dave Abell to second | | Batting: SHB Alex Ledesma | 0-0: Called Strike 0-1: Foul Ball, location: 2F 0-2: Ball 1-2: Ball 2-2: Strikes out swinging | | Top of the 9th over - 7 run(s), 4 hit(s), 0 error(s), 3 left on base; Stanford 20 - Oklahoma State 9 | | BOTTOM OF THE 9TH |
|---|
| Oklahoma State Cowboys batting - Pitching for Stanford Cardinals : RHP Ken Cohen | | Batting: RHB Josh Flanders | 0-0: Ball 1-0: SOLO HOME RUN (Flyball, 7LD), Distance : 341 ft | | Batting: RHB Jonathan Leighton | 0-0: Ball 1-0: Called Strike 1-1: Ball 2-1: SINGLE (Line Drive, 4) | | Pinch Hitting: RHB Neil Gibson | 0-0: Ball 1-0: Swinging Strike 1-1: Ball 2-1: Foul Ball, location: 2F 2-2: Foul Ball, location: 2F 2-2: Ball 3-2: Strikes out swinging | | Batting: RHB Brian Williams | 0-0: Ball 1-0: Ball 2-0: Ball 3-0: Base on Balls Jonathan Leighton to second | | Batting: RHB Adrian Bobola | 0-0: Called Strike 0-1: Swinging Strike 0-2: Ball 1-2: Fly out, F7 (Flyball, 78D) | | Batting: RHB Zach Kelly | 0-0: Ball 1-0: Ball 2-0: Called Strike 2-1: Ball 3-1: Base on Balls Jonathan Leighton to third Brian Williams to second | | Batting: RHB Travis Ware | 0-0: Called Strike 0-1: Ground out 6-3 (Groundball, 6S) | | Bottom of the 9th over - 1 run(s), 2 hit(s), 0 error(s), 3 left on base; Stanford 20 - Oklahoma State 10 | |